AoeStats
← Leiner97

Arena

507600708Analyzed
1v1 RM · 14d ago on Sep 19, 2026· 29m 18s· 2 players
Game mode
Random Map
Map size
Tiny (2 player)
Population
200
Speed
Normal
Resources
Standard
Victory
Conquest
Starting age
Dark Age
Ending age
Imperial Age
RankedLock teamsTeams togetherTeam positionsShared explorationLock speedFull tech treeHidden civsTurbo modeCheats
Victory
Defeat
🇧🇷 Turks · Brazil
850
+40
🇦🇷 Cumans · Argentina
851
-16
ViniCassi
11:57 Feudal Age
16:19 Castle Age
14:58 Loom
15:13 Double-Bit Axe
15:54 Gold Mining
21:14 Imperial Age
20:27 Padded Archer Armor
24:11 Leather Archer Armor
Leiner97
7:31 Loom
11:28 Feudal Age
12:00 Horse Collar
13:39 Double-Bit Axe
20:08 Forging
20:10 Man-at-Arms
21:21 Scale Mail Armor
22:42 Wheelbarrow
26:56 Castle Age
26:38 Padded Archer Armor
26:29 Fletching
27:40 Elite Skirmisher
28:30 Thumb Ring
29:39 Bodkin Arrow
Connection lost

Rejoining the realm…

Still unreachable

The connection could not be restored.

Session expired

The server has moved on; the page needs a fresh start.